 Dungeon Crawl Stone Soup version 0.22-a0-305-gd21a89c (webtiles) character file.

473281 xccam the Slayer (level 23, -1/202 HPs)
             Began as a Minotaur Monk on Mar 29, 2018.
             Was the Champion of Cheibriados.
             Slain by a slime creature (7 damage)
             ... on level 4 of the Pits of Slime.
             The game lasted 02:26:09 (45686 turns).

xccam the Slayer (Minotaur Monk)                   Turns: 45686, Time: 02:26:10

Health: -1/202     AC: 42    Str: 44    XL:     23   Next: 28%
Magic:  20/29      EV: 29    Int: 22    God:    Cheibriados [******]
Gold:   3552       SH: 18    Dex: 30    Spells: 22/22 levels left

rFire    + + +     SeeInvis .   A - +8 demon whip (elec)
rCold    + + +     Gourm    .   i - +0 shield {reflect}
rNeg     + . .     Faith    +   b - +9 scales of the Dragon King {rPois rF+ rC+ MR+}
rPois    +         Spirit   .   P - +2 hat
rElec    .         Reflect  +   g - +0 cloak
rCorr    +         Harm     .   O - +2 pair of gloves
MR       ++...     Rnd*Rage +   l - +1 pair of boots Stlth ..........Rnd*Tele +
                                X - amulet "Vakopase" {Faith rF++ rN+ Str-3 Stlth+}
HPRegen  0.43/turn              s - ring of Qiddu {rF- rC+++ Str+5 Stlth+}
MPRegen  0.21/turn              F - ring of resist corrosion

@: mighty, corroded, very slow
A: retaliatory headbutt, horns 2, talons 1, iridescent scales 1, berserk 1,
clumsy 1, fire resistance 1, frail 1, low mp 1, teleportitis 1
}: 3/15 runes: serpentine, barnacled, silver
a: Bend Time, Temporal Distortion, Slouch, Step From Time, Renounce Religion


You were on level 4 of the Pits of Slime.
You worshipped Cheibriados.
Cheibriados was exalted by your worship.
You were not hungry.

You visited 8 branches of the dungeon, and saw 41 of its levels.
You visited the Abyss 1 time.
You also visited: Labyrinth and Ossuary.

You collected 6091 gold pieces.
You spent 2539 gold pieces at shops.

Inventory:

Hand Weapons
 A - a +8 demon whip of electrocution (weapon)
Armour
 b - the +9 scales of the Dragon King (worn) {rPois rF+ rC+ MR+}
   (You bought it in a shop on level 3 of the Vaults)

   It protects you from fire.
   It protects you from cold.
   It protects you from poison.
   It affects your resistance to hostile enchantments.
 g - a +0 cloak (worn)
 i - a +0 shield of reflection (worn)
 l - a +1 pair of boots (worn)
 p - a +2 large shield
 G - the +4 shield "Henialob" {Str+7}
   (You found it on level 5 of the Vaults)

   It affects your strength (+7).
 O - a +2 pair of gloves (worn)
 P - a +2 hat (worn)
 Q - +4 storm dragon scales {Bai Suzhen}
Jewellery
 q - the amulet of Xoafroc {Inacc rPois rF++ Str+4 Int-2}
   (You found it on level 13 of the Dungeon)

   [amulet of inaccuracy]

   It reduces the accuracy of all your attacks.
   It affects your strength (+4).
   It affects your intelligence (-2).
   It greatly protects you from fire.
   It protects you from poison.
 s - the ring of Qiddu (left hand) {rF- rC+++ Str+5 Stlth+}
   (You found it on level 9 of the Dungeon)

   [ring of stealth]

   It affects your strength (+5).
   It makes you vulnerable to fire.
   It renders you almost immune to cold.
   It makes you more stealthy.
 z - an uncursed ring of protection from fire
 B - a +4 amulet of reflection
 E - an uncursed ring of positive energy
 F - a ring of resist corrosion (right hand)
 J - an uncursed ring of protection from cold
 X - the amulet "Vakopase" (around neck) {Faith rF++ rN+ Str-3 Stlth+}
   (You found it in a labyrinth)

   [amulet of faith]

   It allows you to gain divine favour quickly.
   It affects your strength (-3).
   It greatly protects you from fire.
   It protects you from negative energy.
   It makes you more stealthy.
Wands
 e - a wand of iceblast (40)
 y - a wand of acid (28)
 I - a wand of enslavement (13)
 L - a wand of digging (54)
 W - a wand of clouds (11)
Scrolls
 d - 7 scrolls of magic mapping
 h - 6 scrolls of fog
 j - 9 scrolls of fear
 k - 2 scrolls of holy word
 m - 8 scrolls of blinking
 r - 6 scrolls of enchant armour
 w - 3 scrolls of identify
 C - 12 scrolls of remove curse
 D - 12 scrolls of teleportation
 R - a scroll of summoning
 S - a scroll of brand weapon
 T - a scroll of enchant weapon
 V - 8 scrolls of amnesia
Potions
 a - a potion of mutation
 f - 6 potions of curing
 n - 7 potions of invisibility
 o - 4 potions of might
 t - 7 potions of agility
 v - 2 potions of ambrosia
 x - 10 potions of flight
 M - a potion of resistance
Comestibles
 c - 61 rations


   Skills:
 + Level 22.9 Fighting
 - Level 17.0 Maces & Flails
 + Level 22.6 Armour
 + Level 21.3 Dodging
 - Level 1.5 Stealth
 - Level 15.0 Shields
 - Level 15.0 Invocations


You had 22 spell levels left.
You didn't know any spells.

Dungeon Overview and Level Annotations

Branches:
Dungeon (15/15)            Temple (1/1) D:7            Lair (6/6) D:11
 Shoals (4/4) Lair:3        Snake (4/4) Lair:3        Slime (4/5) Lair:6
    Orc (2/2) D:11            Elf (0/3) Orc:2        Vaults (5/5) D:13
  Crypt (0/3) Vaults:3     Depths (0/5) D:15

Altars:
Ashenzari
Cheibriados
Dithmenos
Elyvilon
Fedhas
Gozag
Hepliaklqana
Kikubaaqudgha
Makhleb
Nemelex Xobeh
Okawaru
Qazlal
Ru
Sif Muna
Trog
Uskayaw
Vehumet
Wu Jian
Xom
Yredelemnul
Zin
The Shining One
Beogh
Jiyva

Shops:
D:4 !   D:8 %   D:13 [   Orc:1 }   Orc:2 ![(*   Snake:2 [   Vaults:1 =
Vaults:2 =   Vaults:3 [


Innate Abilities, Weirdness & Mutations

You reflexively headbutt those who attack you in melee.
You have a pair of horns on your head.
You have sharp toenails.
You are partially covered in iridescent scales. (AC +2)
You tend to lose your temper in combat.
You are clumsy. (Dex -2)
Your flesh is heat resistant. (rF+)
You are frail. (-10% HP)
Your magical capacity is low. (-10% MP)
You are occasionally teleported next to monsters.


Message History

The acid corrodes you!
You are splashed with acid!
The acid burns!
You resist.
* * * LOW HITPOINT WARNING * * *
You feel better.
The great orb of eyes completely misses you.
The very large slime creature closely misses you.
You furiously retaliate!
You headbutt the very large slime creature!
You block the slime creature's attack. The golden eye blinks at you.
You easily resist.
You block the large slime creature's attack.
The acid blob spits acid at you. The splash of acid hits you!
You are splashed with acid!
The acid burns!
You resist.
* * * LOW HITPOINT WARNING * * *
The acid blob misses you. You furiously retaliate!
You headbutt the acid blob!
You kill the acid blob!
Cheibriados appreciates the change of pace.
You block the slime creature's attack. The slime creature hits you!
You die...

..# ...# #####..##
#.#...... .........
####........
##..JJJ......
#...G@JG.....
#......JGJ....#.
#...#.....#G..##...
## #......#...... .
#.......G......
.....##..........
...... #..........
...... ...........


You could see an acid blob, a great orb of eyes, a very large slime creature, a
large slime creature, 3 slime creatures, a shining eye, an eye of draining and 2
golden eyes.

Vanquished Creatures
  Mara (Vaults:4)
  Bai Suzhen (Snake:3)
  Xtahua (Vaults:4)
  A golden dragon (Vaults:4)
  3 bone dragons
  Jorgrun (Vaults:1)
  2 liches (Vaults:2)
  A hellephant (Abyss:3)
  A tentacled monstrosity (Vaults:3)
  8 titans
  A kraken (Shoals:4)
  5 sphinxes
  A tentacled starspawn (Abyss:3)
  9 acid blobs
  4 storm dragons
  9 tengu reavers
  6 shadow dragons
  5 fire giants
  11 nagarajas
  Donald (Vaults:4)
  Ilsuiw (Shoals:4)
  5 frost giants
  4 azure jellies
  15 vault wardens
  An iron dragon (Vaults:3)
  An orc warlord (Orc:2)
  2 deep elf sorcerers
  21 ironheart preservers
  5 very ugly things
  3 war gargoyles
  2 entropy weavers
  10 stone giants
  A deep elf demonologist (Vaults:4)
  A minotaur (Lab)
  A crystal guardian (Vaults:2)
  A deep elf death mage (Vaults:3)
  An eidolon (Vaults:2)
  11 ettins
  A deep elf high priest (Vaults:5)
  6 merfolk javelineers
  3 fire dragons
  11 yaktaur captains
  A death ooze (Slime:4)
  2 rakshasas
  7 great orbs of eyes
  8 merfolk impalers
  13 ogre magi
  7 hydras
  12 naga warriors
  45 vault guards
  6 centaur warriors
  4 merfolk avatars
  A juggernaut simulacrum (Vaults:2)
  A death knight (Vaults:4)
  3 ghost crabs (Vaults:2)
  11 merfolk aquamancers
  3 dancing weapons
  9 anacondas
  2 satyrs
  4 deep troll shamans
  35 two-headed ogres
  2 death yaks (Shoals:3)
  A thrashing horror (Abyss:3)
  5 deep troll earth magi
  A shock serpent (shapeshifter) (Vaults:3)
  An orc high priest (Orc:2)
  15 naga sharpshooters
  4 shock serpents
  Sonja (Lair:5)
  5 deep elf knights
  A titan skeleton (Vaults:2)
  5 skeletal warriors (Vaults:3)
  A salamander mystic (Snake:3)
  A wretched star (Abyss:3)
  A shadow wraith (Vaults:4)
  21 sea snakes
  18 deep trolls
  2 flayed ghosts (Vaults:2)
  6 naga ritualists
  4 unseen horrors
  6 deep elf archers
  3 glowing orange brains
  3 wizards
  Pikel (D:4)
  10 harpies
  A golden dragon skeleton (Vaults:2)
  A lindwurm (Lair:6)
  2 phantasmal warriors
  3 necromancers
  12 orc knights
  18 ironbrand convokers
  6 wolf spiders
  2 harpies (shapeshifter)
  A shadow dragon zombie (Vaults:5)
  An oklob plant (Lair:5)
  10 mana vipers
  23 ugly things
  A wolf spider zombie (D:14)
  A frost giant zombie (Vaults:5)
  8 shining eyes
  A tengu skeleton (Vaults:3)
  2 salamanders (shapeshifter)
  10 manticores
  16 cyclopes
  A fire giant skeleton (Vaults:3)
  4 orc sorcerers
  19 fauns
  15 deep elf magi
  A sphinx skeleton (Vaults:2)
  10 salamanders
  11 merfolk sirens
  An apocalypse crab (Abyss:3)
  5 human skeletons
  10 elephants
  8 guardian serpents
  A stone giant skeleton (Vaults:3)
  25 naga magi
  19 vault sentinels
  6 water nymphs
  37 black mambas
  2 eyes of devastation
  3 molten gargoyles (Lair:6)
  A torpor snail (Lair:6)
  An elf zombie (Vaults:5)
  9 spiny frogs
  A komodo dragon (shapeshifter) (Vaults:1)
  A kobold demonologist (D:15)
  A hellion (Abyss:3)
  10 freezing wraiths
  8 komodo dragons
  40 yaktaurs
  An ancient zyme (Abyss:3)
  4 yaktaur skeletons (Vaults:3)
  A jumping spider (shapeshifter) (Vaults:5)
  4 wind drakes
  Prince Ribbit (D:9)
  3 tengu simulacra (Vaults:2)
  35 merfolk
  12 trolls
  3 hornets
  70 slime creatures
  20 blink frogs
  7 raiju
  9 dream sheep
  11 hippogriffs
  Grinder (D:5)
  A dream sheep (shapeshifter) (Vaults:4)
  12 snapping turtles
  A flying skull (Abyss:3)
  2 ynoxinuls (Abyss:3)
  4 shadows
  3 large abominations (Abyss:3)
  2 ettin skeletons (Vaults:3)
  4 redbacks
  2 air elementals (Vaults:2)
  A spriggan (shapeshifter) (Vaults:5)
  A tarantella (Vaults:3)
  Eustachio (D:5)
  22 water elementals
  21 yaks
  4 wyverns
  2 hungry ghosts (D:11)
  4 wraiths
  A hog (shapeshifter) (Vaults:4)
  A golden eye (shapeshifter) (Vaults:2)
  3 vampire mosquitoes (D:15)
  8 basilisks
  3 steam dragons
  4 golden eyes
  3 small abominations (Vaults:2)
  A redback simulacrum (D:14)
  An acid dragon (Vaults:2)
  An ogre zombie (Vaults:1)
  2 soldier ants
  3 wargs
  An elf skeleton (Vaults:1)
  A deep troll zombie (Vaults:5)
  62 nagas
  4 hell hounds (Lair:6)
  A deep troll skeleton (Vaults:1)
  Duvessa (D:5)
  10 sky beasts
  10 water moccasins
  An acid dragon (shapeshifter) (Vaults:1)
  9 porcupines
  A black bear (D:12)
  A floating eye (Slime:4)
  52 orc warriors
  An ice beast (shapeshifter) (Vaults:4)
  2 phantoms
  A boggart (Vaults:2)
  7 ice beasts
  13 starcursed masses (Abyss:3)
  10 eyes of draining
  2 necrophages
  3 wolves (Lair:4)
  24 centaurs
  41 ogres
  12 crocodiles
  4 big kobolds
  3 gnoll sergeants
  Blork the orc (D:4)
  19 bullfrogs
  A deep troll simulacrum (Vaults:1)
  2 wyvern zombies
  Dowan (D:5)
  A wyvern skeleton (D:10)
  A scorpion (shapeshifter) (Vaults:2)
  4 scorpions
  16 killer bees
  13 wights
  2 electric eels (Snake:2)
  4 howler monkeys
  8 crimson imps
  4 lava snakes (Lair:6)
  2 bullfrog zombies (D:11)
  5 hounds
  An iron imp (Abyss:3)
  6 jellies
  4 centaur skeletons
  25 orc priests
  24 orc wizards
  5 iguanas
  4 lightning spires (Vaults:2)
  7 worker ants
  A hound zombie (D:8)
  2 hound skeletons
  2 mummies
  A worker ant zombie (D:8)
  19 adders
  18 gnolls
  A howler monkey skeleton (D:10)
  3 shadow imps
  An ufetubus (Vaults:2)
  2 oozes (Lair:6)
  2 adder skeletons (D:4)
  4 worms
  8 leopard geckos
  105 orcs
  3 giant cockroaches
  3 goblins (D:2)
  7 hobgoblins
  12 jackals
  9 kobolds
  2 quokkas
  3 ball pythons
  3 bats
  2 frilled lizards
  5 gnoll skeletons (Ossuary)
  A jackal skeleton (D:7)
  8 kobold skeletons (Ossuary)
  12 orc skeletons (Ossuary)
  A quokka skeleton (D:6)
  7 rats
  8 plants
  A tentacle (Shoals:4)
1833 creatures vanquished.

Vanquished Creatures (others)
  A stone giant (Vaults:2)
  A yaktaur captain (Vaults:5)
  An ironbrand convoker (Vaults:5)
  2 deep elf magi
  2 yaktaurs (Vaults:5)
  A spriggan (shapeshifter) (Vaults:1)
  2 golden eyes
  A naga (Snake:1)
  4 ball lightnings (Vaults:2)
  3 orcs
  A quokka (D:14)
  6 fungi
  33 plants
  2 starspawn tentacles (Abyss:3)
  4 tentacles (Shoals:4)
64 creatures vanquished.

Grand Total: 1897 creatures vanquished

Notes
Turn   | Place    | Note
-------+----------+-------------------------------------------
     0 | D:1      | xccam the Minotaur Monk began the quest for the Orb.
     0 | D:1      | Reached XP level 1. HP: 19/19 MP: 0/0
   289 | D:1      | Reached XP level 2. HP: 16/26 MP: 1/1
   597 | D:2      | Reached skill level 5 in Maces & Flails
   814 | D:2      | Reached XP level 3. HP: 31/31 MP: 2/2
  1461 | D:3      | Reached XP level 4. HP: 24/39 MP: 3/3
  2566 | D:4      | Reached XP level 5. HP: 34/45 MP: 4/4
  2578 | D:4      | Reached XP level 6. HP: 10/51 MP: 5/5
  2768 | D:4      | Noticed Blork the orc
  2779 | D:4      | Killed Blork the orc
  2860 | D:4      | Found a glowing golden altar of the Shining One.
  3017 | D:4      | Noticed a slave
  3019 | D:4      | Noticed Pikel
  3019 | D:4      | Noticed a slave
  3020 | D:4      | Noticed a slave
  3042 | D:4      | Killed Pikel
  3042 | D:4      | Reached skill level 10 in Maces & Flails
  3042 | D:4      | Reached XP level 7. HP: 11/57 MP: 6/6
  3175 | D:4      | Found Geissed's Distillery.
  3181 | D:4      | Bought a potion of might for 56 gold pieces
  3181 | D:4      | Bought a potion of heal wounds for 70 gold pieces
  3181 | D:4      | Bought a potion of curing for 42 gold pieces
  3413 | D:5      | Entered Level 5 of the Dungeon
  3413 | D:5      | Noticed Duvessa
  3413 | D:5      | Noticed Dowan
  3421 | D:5      | Killed Duvessa
  3429 | D:5      | Killed Dowan
  3429 | D:5      | Reached XP level 8. HP: 51/64 MP: 7/7
  3558 | D:5      | Noticed Eustachio
  3581 | D:5      | Killed Eustachio
  3581 | D:5      | Reached skill level 1 in Armour
  3747 | D:5      | Noticed Grinder
  3779 | D:5      | Killed Grinder
  4208 | D:6      | Reached skill level 5 in Fighting
  4562 | D:6      | Reached skill level 5 in Dodging
  4744 | D:6      | Got a faintly glowing chain mail
  4773 | D:6      | Reached XP level 9. HP: 64/74 MP: 8/8
  4814 | D:6      | Identified the +3 chain mail of Qiggej {rC- rN+++ Int-2 Dex+3} (You found it on level 6 of the Dungeon)
  5088 | D:6      | Reached skill level 1 in Shields
  5148 | D:6      | Noticed a white ugly thing
  5169 | D:6      | Killed a white ugly thing
  5575 | D:7      | Reached skill level 5 in Armour
  6230 | D:7      | Found a burning altar of Makhleb.
  6435 | D:7      | Found a staircase to the Ecumenical Temple.
  6457 | Temple   | Entered the Ecumenical Temple
  6545 | Temple   | Became a worshipper of Cheibriados the Contemplative
  6545 | Temple   | Reached * piety under Cheibriados
  6545 | Temple   | Reached ** piety under Cheibriados
  6565 | D:7      | Reached XP level 10. HP: 86/86 MP: 9/9
  6921 | D:8      | Found a sand-covered staircase.
  6931 | Ossuary  | Entered an ossuary
  7026 | Ossuary  | Gained mutation: You possess an exceptional clarity of mind. [potion of mutation]
  7026 | Ossuary  | Gained mutation: Scrolls take you a little longer to read. [potion of mutation]
  7026 | Ossuary  | Gained mutation: You are robust. (+10% HP) [potion of mutation]
  7090 | Ossuary  | Reached *** piety under Cheibriados
  7201 | D:8      | Noticed a cyclops
  7212 | D:8      | Killed a cyclops
  7212 | D:8      | Reached skill level 1 in Invocations
  7538 | D:8      | Found Xuexapao's Food Shop.
  7843 | D:9      | Noticed a two-headed ogre
  7851 | D:9      | Killed a two-headed ogre
  7940 | D:9      | Got a brightly glowing wooden ring
  8062 | D:9      | Reached **** piety under Cheibriados
  8111 | D:9      | Noticed Prince Ribbit
  8386 | D:9      | Killed Prince Ribbit
  8691 | D:10     | Entered Level 10 of the Dungeon
  8767 | D:10     | Got a twisted leather armour
  8778 | D:10     | Identified the cursed +0 leather armour of Patience {*Contam rPois rF+ Int+3} (You found it on level 10 of the Dungeon)
  8781 | D:10     | Identified the ring of Qiddu {rF- rC+++ Str+5 Stlth+} (You found it on level 9 of the Dungeon)
  8920 | D:10     | Reached XP level 11. HP: 68/104 MP: 13/13
  8951 | D:10     | Reached ***** piety under Cheibriados
  8974 | D:10     | Reached skill level 5 in Invocations
  9393 | D:10     | Gained mutation: You are occasionally teleported next to monsters. [mutagenic glow]
  9722 | D:11     | Found a staircase to the Lair.
  9809 | D:11     | Noticed a two-headed ogre
  9830 | D:11     | Killed a two-headed ogre
 10216 | D:11     | Killed an unseen horror
 10420 | D:11     | Found a staircase to the Orcish Mines.
 10468 | D:11     | Reached skill level 10 in Fighting
 10943 | Lair:1   | Entered Level 1 of the Lair of Beasts
 10966 | Lair:1   | Reached ****** piety under Cheibriados
 10967 | Lair:1   | Lost mutation: Scrolls take you a little longer to read. [potion of mutation]
 10967 | Lair:1   | Lost mutation: You possess an exceptional clarity of mind. [potion of mutation]
 10967 | Lair:1   | Lost mutation: You are robust. (+10% HP) [potion of mutation]
 10967 | Lair:1   | Gained mutation: Your flesh is heat resistant. (rF+) [potion of mutation]
 10967 | Lair:1   | Gained mutation: Your muscles are strong. (Str +2) [potion of mutation]
 10967 | Lair:1   | Gained mutation: You are agile. (Dex +2) [potion of mutation]
 10968 | Lair:1   | Lost mutation: You are occasionally teleported next to monsters. [potion of mutation]
 10968 | Lair:1   | Lost mutation: Your flesh is heat resistant. (rF+) [potion of mutation]
 10968 | Lair:1   | Lost mutation: Your muscles are strong. (Str +2) [potion of mutation]
 10968 | Lair:1   | Gained mutation: You have very sharp teeth. [potion of mutation]
 10968 | Lair:1   | Gained mutation: You have sharp fingernails. [potion of mutation]
 11246 | Lair:1   | Reached XP level 12. HP: 98/107 MP: 14/14
 11816 | Lair:2   | Noticed a five-headed hydra
 11823 | Lair:2   | Killed a five-headed hydra
 11823 | Lair:2   | Reached skill level 10 in Armour
 11944 | Lair:2   | Reached skill level 10 in Dodging
 12154 | Lair:3   | Found a staircase to the Snake Pit.
 12235 | Lair:3   | Found a staircase to the Shoals.
 12384 | Lair:3   | Reached skill level 15 in Maces & Flails
 13166 | Lair:4   | Noticed Sonja
 13402 | Lair:4   | Noticed a four-headed hydra
 13418 | Lair:4   | Killed a four-headed hydra
 13578 | Lair:5   | Reached XP level 13. HP: 118/118 MP: 15/15
 13792 | Lair:5   | Killed Sonja
 14530 | Lair:6   | Entered Level 6 of the Lair of Beasts
 14659 | Lair:6   | Found a staircase to the Slime Pits.
 15204 | Lair:6   | Found a large runed door.
 15204 | Lair:6   | Noticed a fire dragon
 15205 | Lair:6   | Found a large runed door.
 15398 | Lair:6   | HP: 6/122 [komodo dragon (12)]
 15400 | Lair:6   | HP: 2/122 [komodo dragon (5)]
 15923 | Lair:6   | Killed a fire dragon
 16264 | Orc:1    | Entered Level 1 of the Orcish Mines
 16264 | Orc:1    | Found a roughly hewn altar of Beogh.
 16286 | Orc:1    | Found Batezu Pey's Gadget Boutique.
 16874 | Orc:2    | Entered Level 2 of the Orcish Mines
 16904 | Orc:2    | Reached XP level 14. HP: 83/130 MP: 18/18
 17136 | Orc:2    | Found a staircase to the Elven Halls.
 17205 | Orc:2    | Found a roughly hewn altar of Beogh.
 17210 | Orc:2    | Found Niygugakh's Assorted Antiques.
 17266 | Orc:2    | Found a roughly hewn altar of Beogh.
 17312 | Orc:2    | Found a roughly hewn altar of Beogh.
 17330 | Orc:2    | Found Moosm's Distillery.
 17409 | Orc:2    | Found a roughly hewn altar of Beogh.
 17524 | Orc:2    | Noticed an orc warlord
 17544 | Orc:2    | Killed an orc warlord
 17553 | Orc:2    | Reached skill level 5 in Shields
 17558 | Orc:2    | Found Cemel's Antique Weapon Shop.
 17604 | Orc:2    | Found a roughly hewn altar of Beogh.
 17608 | Orc:2    | Found Buherphawn's Antique Armour Boutique.
 18003 | D:12     | Found a labyrinth entrance.
 18018 | Lab      | Entered a labyrinth
 18098 | Lab      | Found an exit through the horrors of the Abyss.
 18441 | Lab      | Got a warped garnet amulet
 18444 | Lab      | Identified the amulet "Vakopase" {Faith rF++ rN+ Str-3 Stlth+} (You found it in a labyrinth)
 19291 | D:13     | Got a vibrating iron amulet
 19292 | D:13     | Identified the amulet of Xoafroc {Inacc rPois rF++ Str+4 Int-2} (You found it on level 13 of the Dungeon)
 19318 | D:13     | Found a gate to the Vaults.
 19555 | D:13     | Found Udimpiz's Antique Armour Shop.
 20089 | D:14     | Found a white marble altar of Elyvilon.
 20336 | D:15     | Entered Level 15 of the Dungeon
 20408 | D:15     | Reached XP level 15. HP: 112/139 MP: 20/20
 20944 | D:15     | Found an opulent altar of Gozag.
 21102 | D:15     | Found a staircase to the Depths.
 21381 | Snake:1  | Entered Level 1 of the Snake Pit
 21411 | Snake:1  | Found a white marble altar of Elyvilon.
 21563 | Snake:1  | Identified a scroll of acquirement
 22066 | Snake:2  | Noticed a nagaraja
 22072 | Snake:2  | Killed a nagaraja
 22073 | Snake:2  | Noticed a nagaraja
 22089 | Snake:2  | Killed a nagaraja
 22089 | Snake:2  | Reached skill level 15 in Fighting
 22113 | Snake:2  | Reached skill level 10 in Shields
 22920 | Snake:2  | Found Qoadufif's Armour Shoppe.
 23958 | Snake:3  | Reached XP level 16. HP: 149/149 MP: 22/22
 24275 | Snake:3  | Reached skill level 15 in Armour
 24713 | Snake:3  | Noticed Bai Suzhen
 24722 | Snake:3  | Killed Bai Suzhen
 25066 | Snake:3  | Reached skill level 10 in Invocations
 25316 | Snake:4  | Entered Level 4 of the Snake Pit
 26365 | Snake:4  | Reached XP level 17. HP: 158/158 MP: 23/23
 26428 | Snake:4  | Found a blossoming altar of Fedhas.
 26490 | Snake:4  | Reached skill level 15 in Dodging
 26590 | Snake:4  | Got a serpentine rune of Zot
 26734 | Snake:4  | Got a bound platinum ring
 27079 | Shoals:1 | Entered Level 1 of the Shoals
 27436 | Shoals:1 | Found a glowing golden altar of the Shining One.
 28921 | Shoals:2 | Identified the ring "Wecimymo" {Ice *Corrode +Fly rPois} (You took it off a naga on level 4 of the Snake Pit)
 29751 | Shoals:3 | Reached skill level 15 in Shields
 29820 | Shoals:4 | Entered Level 4 of the Shoals
 30108 | Shoals:4 | Reached XP level 18. HP: 163/169 MP: 24/24
 30230 | Shoals:4 | Noticed Ilsuiw
 30631 | Shoals:4 | Killed Ilsuiw
 30645 | Shoals:4 | Got a barnacled rune of Zot
 30898 | Shoals:4 | Identified the Disquisition on Dislocated Talismans
 32197 | Vaults:1 | Entered Level 1 of the Vaults
 33208 | Vaults:1 | Found Usemohaor's Jewellery Boutique.
 33302 | Vaults:1 | Noticed Jorgrun
 33312 | Vaults:1 | Killed Jorgrun
 33748 | Vaults:2 | Found Xanaghie's Jewellery Emporium.
 33798 | Vaults:2 | Reached XP level 19. HP: 154/180 MP: 26/26
 33843 | Vaults:2 | Got a pair of heavily runed gloves
 33854 | Vaults:2 | Identified the cursed -1 pair of gloves of Hedge Wizardry {-Cast +Fly Int+8 Dex-3} (You found it on level 2 of the Vaults)
 34253 | Vaults:2 | Identified Qomiha's Catalogue of Hexes
 34345 | Vaults:2 | Noticed a bone dragon
 34356 | Vaults:2 | Killed a bone dragon
 34403 | Vaults:2 | Identified Ixufem's Catalogue of Evil
 35064 | Vaults:2 | Noticed a lich
 35073 | Vaults:2 | Killed a lich
 35150 | Vaults:2 | Reached XP level 20. HP: 41/191 MP: 21/28
 35712 | Vaults:2 | Identified the Papyrus of Relativism
 36150 | Vaults:3 | Found Vomugg's Armour Boutique.
 36154 | Vaults:3 | Bought the +9 scales of the Dragon King {rPois rF+ rC+ MR+} for 2371 gold pieces
 36154 | Vaults:3 | Found the +9 scales of the Dragon King {rPois rF+ rC+ MR+}
 37220 | Vaults:3 | Found a staircase to the Crypt.
 38353 | Vaults:4 | Reached XP level 21. HP: 202/202 MP: 30/30
 38760 | Vaults:4 | Noticed Donald
 38775 | Vaults:4 | Killed Donald
 38880 | Vaults:4 | Noticed Xtahua
 38893 | Vaults:4 | Killed Xtahua
 40040 | Vaults:5 | Entered Level 5 of the Vaults
 40040 | Vaults:5 | Noticed Mara
 40250 | Vaults:5 | Noticed a golden dragon
 40354 | Vaults:5 | Noticed xccam's illusion
 40364 | Vaults:4 | Killed a golden dragon
 40614 | Vaults:4 | Killed Mara
 40614 | Vaults:4 | Reached XP level 22. HP: 99/213 MP: 32/32
 40620 | Vaults:4 | Reached skill level 15 in Invocations
 41291 | Vaults:5 | Cast into level 3 of the Abyss (a deep elf sorcerer)
 41291 | Abyss:3  | Found a corrupted altar of Lugonu.
 41633 | Abyss:3  | Found an opulent altar of Gozag.
 41715 | Abyss:3  | Paralysed by accursed screaming for 1 turns
 41752 | Abyss:3  | Paralysed by accursed screaming for 1 turns
 41799 | Vaults:5 | Escaped the Abyss
 42634 | Vaults:5 | Got a warped shield
 42635 | Vaults:5 | Identified the +4 shield "Henialob" {Str+7} (You found it on level 5 of the Vaults)
 42644 | Vaults:5 | Got a silver rune of Zot
 43031 | Vaults:5 | Identified the Compendium of Clay and Cold
 43050 | Vaults:5 | Got a twisted plate armour
 43051 | Vaults:5 | Identified the cursed +0 plate armour "Ruadwuis" {rCorr Str+3} (You found it on level 5 of the Vaults)
 43931 | Slime:1  | Entered Level 1 of the Pits of Slime
 43980 | Slime:1  | Gained mutation: Your body sometimes deteriorates upon taking damage. [a shining eye]
 43980 | Slime:1  | Gained mutation: You are weak. (Str -2) [a shining eye]
 43992 | Slime:1  | Gained mutation: Your body often deteriorates upon taking damage. [a shining eye]
 44196 | Slime:2  | You fall through a shaft for 2 floors!
 44197 | Slime:4  | Paralysed by a floating eye for 3 turns
 44198 | Slime:4  | Gained mutation: You are very weak. (Str -4) [a shining eye]
 44206 | Slime:4  | Reached XP level 23. HP: 177/224 MP: 21/33
 44207 | Slime:4  | Paralysed by a floating eye for 2 turns
 44215 | Slime:4  | Paralysed by a floating eye for 3 turns
 44226 | Slime:4  | Paralysed by a floating eye for 4 turns
 44606 | Slime:3  | Gained mutation: Armour fits poorly on your strangely shaped body. [a shining eye]
 44607 | Slime:3  | Found a viscous altar of Jiyva.
 44609 | Slime:3  | Gained mutation: You are occasionally teleported next to monsters. [a shining eye]
 44609 | Slime:3  | Gained mutation: You are sometimes teleported next to monsters. [a shining eye]
 44610 | Slime:3  | Gained mutation: You are partially covered in iridescent scales. (AC +2) [a shining eye]
 44611 | Slime:3  | Gained mutation: You are frail. (-10% HP) [a shining eye]
 44616 | Slime:3  | Lost mutation: You are very weak. (Str -4) [a shining eye]
 44638 | Slime:4  | Lost mutation: You are frail. (-10% HP) [potion of mutation]
 44638 | Slime:4  | Lost mutation: You are agile. (Dex +2) [potion of mutation]
 44638 | Slime:4  | Lost mutation: Your body often deteriorates upon taking damage. [potion of mutation]
 44638 | Slime:4  | Lost mutation: You are weak. (Str -2) [potion of mutation]
 44638 | Slime:4  | Gained mutation: Scrolls take you a little longer to read. [potion of mutation]
 44638 | Slime:4  | Lost mutation: Scrolls take you a little longer to read. [potion of mutation]
 44638 | Slime:4  | Gained mutation: Your flesh is cold resistant. (rC+) [potion of mutation]
 44639 | Slime:4  | Lost mutation: You have sharp fingernails. [potion of mutation]
 44639 | Slime:4  | Lost mutation: You have very sharp teeth. [potion of mutation]
 44639 | Slime:4  | Lost mutation: Your body sometimes deteriorates upon taking damage. [potion of mutation]
 44639 | Slime:4  | Lost mutation: Your flesh is cold resistant. (rC+) [potion of mutation]
 44639 | Slime:4  | Gained mutation: You are frail. (-10% HP) [potion of mutation]
 44639 | Slime:4  | Gained mutation: Your flesh is heat resistant. (rF+) [potion of mutation]
 44648 | Slime:3  | Lost mutation: You are sometimes teleported next to monsters. [potion of mutation]
 44648 | Slime:3  | Lost mutation: Armour fits poorly on your strangely shaped body. [potion of mutation]
 44648 | Slime:3  | Gained mutation: You have sharp toenails. [potion of mutation]
 44648 | Slime:3  | Gained mutation: Your mind is acute. (Int +2) [potion of mutation]
 44677 | Slime:3  | Gained mutation: You are clumsy. (Dex -2) [a shining eye]
 44678 | Slime:3  | Gained mutation: Your magical capacity is low. (-10% MP) [a shining eye]
 44680 | Slime:3  | Lost mutation: Your mind is acute. (Int +2) [a shining eye]
 45648 | Slime:4  | Gained mutation: You tend to lose your temper in combat. [a shining eye]
 45685 | Slime:4  | HP: 9/202 [acid blob (14)]
 45685 | Slime:4  | HP: 4/202 [acid (5)]
 45686 | Slime:4  | Slain by a slime creature

Vault maps used:
D:1:      matt_arrival_diagonals
D:2:      kennysheep_six_static_rooms
D:3:      serial_forest, infiniplex_forest_clump_cross, infiniplex_forest_split,
          infiniplex_forest_corner_2, infiniplex_forest_clump_long,
          infiniplex_forest_straight_2, infiniplex_forest_lined_2,
          kennysheep_generic_room_11
D:4:      serial_shops, shop, first_ration, nrook_uturn,
          nicolae_tso_carved_into_rock, uniq_blork_the_orc, uniq_pikel
D:5:      serial_park, uniq_grinder, uniq_duvessa, uniq_eustachio
D:6:      minmay_cornered_nines, lightli_orcish_oven
D:7:      makhleb_blood_cavern_becter, minmay_temple_entry_statues_pillars
D:8:      gup_ossuary_entry_pyramid, serial_shops, nicolae_shop_statue_plus,
          minmay_misc_feat_plants
D:9:      uniq_prince_ribbit1
D:11:     lair_entry_dummy, kennysheep_orc_monster_closet_entryway
D:12:     lab_entry_generic
D:13:     erik_vaults_1, serial_shops, shop, grunt_pizzeria,
          kennysheep_generic_room_13
D:14:     elyvilon_altar_4
D:15:     grunt_enter_depths_snipers, nrook_pool_corridor,
          grunt_gozag_breadcrumbs
Temple:   compressed_dpeg_circular_temple
Lair:1:   grunt_megastairs_3, lemuel_fruit_fields
Lair:2:   infiniplex_staircase_pool_2
Lair:3:   shoals_dummy_entry, dummy_snake_entry
Lair:4:   uniq_sonja
Lair:5:   minmay_holes, minmay_lair_oklob_items, patterned_corridor
Lair:6:   cheibrodos_lair_end_hotspot, nicolae_slime_entry_slimehenge,
          st_stairs_4
Shoals:1: lemuel_centaur_altar
Shoals:2: cheibrodos_shoals_oceanic_diplomacy
Shoals:3: uniq_polyphemus
Shoals:4: shoals_end_simple, shoals_ilsuiw_ice
Snake:1:  basic_altar, nicolae_snake_springs, lemuel_fruit_tree
Snake:2:  serial_shops, shop, serial_bayou_lake_a
Snake:3:  uniq_bai_suzhen
Snake:4:  johnstein_snake_rune_scales, basic_altar
Slime:3:  basic_altar
Orc:1:    serial_shops, nicolae_shop_stone, basic_altar
Orc:2:    grunt_orc_community_town_hall, grunt_orc_community_big_house_1,
          grunt_orc_community_big_house_2, grunt_orc_community_house_3,
          grunt_orc_community_house_2, grunt_orc_community_house_1,
          grunt_orc_community_house_3, grunt_orc_community_house_3
Vaults:1: dpeg_vaults_monster_box, v_rooms_4, v_rooms_2, hangedman_vaults_slice,
          vaults_room_ringed_pool, ontoclasm_vaults_misaligned, v_alt_pattern_3,
          nicolae_vaults_diagonal_hallway_6, v_misc_11, vaults_room_door_hall,
          grunt_vaults_hallway_long, serial_shops, nicolae_shop_behind_doors,
          uniq_jorgrun
Vaults:2: ontoclasm_vaults_fault, v_misc_3, v_misc_31,
          ontoclasm_vaults_ligature, vaults_dpeg_hooks,
          hangedman_vaults_slither, vaults_room_door_hall,
          vaults_room_fancy_cross, serial_ice_m, v_misc_16,
          nicolae_vaults_windows_and_doors_thing,
          dpeg_vaults_pockets_of_resistance, serial_shops, shop_statue,
          serial_hangedman_research, hangedman_research_electronics,
          hangedman_research_probablistics, hangedman_research_thanatology
Vaults:3: st_greater_box_3, v_misc_5, vaults_room_large_hall, v_rooms_3,
          minmay_crypt_entry_skeletal_spiral, ontoclasm_vaults_shuriken,
          nicolae_vaults_big_ls, ontoclasm_vaults_loading_screen, serial_shops,
          shop
Vaults:4: nicolae_vaults_little_squares_4, vaults_room_door_ring,
          vaults_mumra_chevron, ontoclasm_vaults_twist, v_pattern_3,
          nicolae_vaults_theta, v_misc_23, ontoclasm_vaults_gateway,
          vaults_room_door_hall, hangedman_vaults_nails, v_misc_12,
          nicolae_vaults_halls_meeting, nicolae_vaults_little_squares_4,
          uniq_donald, uniq_xtahua
Vaults:5: serial_shops, uniq_mara
Lab:      labyrinth_mini_lab, nicolae_lab_very_dead_end, labyrinth_fake_exit,
          nicolae_lab_t_cross, labyrinth_skeletal_remains, lab_block,
          nicolae_lab_quarters
Ossuary:  ossuary_due_mausoleum

Skill      XL: |  1  2  3  4  5  6  7  8  9 10 11 12 13 14 15 16 17 18 19 20 21 22 |
---------------+-------------------------------------------------------------------+-----
Maces & Flails | 4 5 6 7 8 10 11 12 13 14 15 16 17 | 17.0
Fighting       | 5 7 8 10 12 13 14 15 16 17 18 19 20 21 22 | 22.9
Armour         | 4 6 7 9 11 13 14 15 16 18 19 20 21 22 | 22.6
Dodging        | 5 6 7 9 11 12 13 14 15 17 18 19 21 | 21.3
Shields        | 4 8 10 13 15 | 15.0
Invocations    | 4 5 6 8 9 10 12 13 14 15 | 15.0
Stealth        | |  1.5

Action                   |  1- 3 |  4- 6 |  7- 9 | 10-12 | 13-15 | 16-18 | 19-21 | 22-24 || total
-------------------------+-------+-------+-------+-------+-------+-------+-------+-------++-------
Melee: Mace              |    58 |    11 |       |       |       |       |       |       ||    69
       Headbutt          |     9 |    34 |    74 |   317 |   441 |   418 |   568 |   287 ||  2148
       Flail             |       |   146 |       |       |       |       |       |       ||   146
       Whip              |       |       |   387 |   809 |   559 |       |       |       ||  1755
       Bite              |       |       |       |    60 |   237 |   238 |   298 |   128 ||   961
       Eveningstar       |       |       |       |       |   501 |  1126 |  1342 |     8 ||  2977
       Demon whip        |       |       |       |       |       |       |       |   667 ||   667
Invok: Slouch            |       |       |       |     1 |     5 |     8 |     4 |       ||    18
       Temporal Distorti |       |       |       |       |       |     4 |       |       ||     4
       Step From Time    |       |       |       |       |       |     1 |       |       ||     1
Evoke: Wand              |       |       |       |       |     4 |     8 |       |       ||    12
  Use: Scroll            |     4 |     3 |     8 |    16 |    14 |     8 |     7 |    17 ||    77
       Potion            |       |     3 |     7 |     7 |     1 |     6 |     2 |    14 ||    40
 Stab: Sleeping          |     3 |     1 |       |     5 |       |       |       |       ||     9
       Distracted        |       |       |       |       |     2 |       |     1 |       ||     3
  Eat: Chunk             |     1 |     2 |     5 |     7 |    12 |    10 |     5 |       ||    42
       Ration            |       |     1 |     2 |     2 |     3 |     3 |     3 |     3 ||    17
Armor: Leather armour    |    13 |    30 |    48 |    16 |       |       |       |       ||   107
       Skin              |       |       |    31 |       |       |       |       |       ||    31
       Plate armour      |       |       |       |   208 |    33 |       |       |       ||   241
       Fire dragon scale |       |       |       |       |    27 |       |       |       ||    27
       Crystal plate arm |       |       |       |       |   242 |   130 |   100 |       ||   472
       Storm dragon scal |       |       |       |       |       |   198 |    10 |       ||   208
       Gold dragon scale |       |       |       |       |       |       |   240 |   244 ||   484
Dodge: Dodged            |    46 |    78 |   135 |   382 |   579 |   975 |   777 |   539 ||  3511
Block: Buckler           |       |       |    21 |   239 |   106 |       |       |       ||   366
       Shield            |       |       |       |       |   568 |  1285 |  1022 |   450 ||  3325
       Reflection        |       |       |       |       |       |       |    12 |    26 ||    38

Table legend:
 A = Spawn XP
 B = Non-spawn XP
 C = Spawn XP percentage of total XP
 D = Spawn monster count
 E = Non-spawn monster count
 F = Spawn count percentage of total count
 G = Total turns spent on level
                    A         B        C        D         E        F      G
               +---------+---------+-------+---------+---------+-------+---------
         Total |    9950 |  873253 |   1.1 |      15 |    1816 |   0.8 | 45686
               +---------+---------+-------+---------+---------+-------+---------
           D:1 |       0 |      14 |   0.0 |       0 |       8 |   0.0 |   418
           D:2 |       0 |      69 |   0.0 |       0 |      19 |   0.0 |  1036
           D:3 |       0 |     102 |   0.0 |       0 |      31 |   0.0 |  1001
           D:4 |       0 |    1030 |   0.0 |       0 |      17 |   0.0 |   958
           D:5 |       0 |     834 |   0.0 |       0 |       8 |   0.0 |   706
           D:6 |       0 |    1707 |   0.0 |       0 |      26 |   0.0 |  1415
           D:7 |       0 |    1946 |   0.0 |       0 |      44 |   0.0 |  1155
           D:8 |       0 |    1226 |   0.0 |       0 |      15 |   0.0 |   784
           D:9 |       0 |    2711 |   0.0 |       0 |      26 |   0.0 |   910
          D:10 |       0 |    2898 |   0.0 |       0 |      34 |   0.0 |  1117
          D:11 |       0 |    7393 |   0.0 |       0 |      61 |   0.0 |  1487
          D:12 |       0 |    5807 |   0.0 |       0 |      28 |   0.0 |   925
          D:13 |       0 |   10094 |   0.0 |       0 |      41 |   0.0 |   857
          D:14 |       0 |    5531 |   0.0 |       0 |      20 |   0.0 |   579
          D:15 |       0 |   13979 |   0.0 |       0 |      36 |   0.0 |   899
        Lair:1 |       0 |    3366 |   0.0 |       0 |      19 |   0.0 |   681
        Lair:2 |       0 |    3663 |   0.0 |       0 |      12 |   0.0 |   628
        Lair:3 |       0 |    3686 |   0.0 |       0 |      19 |   0.0 |   749
        Lair:4 |       0 |    6935 |   0.0 |       0 |      24 |   0.0 |   807
        Lair:5 |       0 |    9580 |   0.0 |       0 |      25 |   0.0 |  1029
        Lair:6 |       0 |   14274 |   0.0 |       0 |      51 |   0.0 |  1604
      Shoals:1 |       0 |   11142 |   0.0 |       0 |      29 |   0.0 |  1176
      Shoals:2 |       0 |   17734 |   0.0 |       0 |      40 |   0.0 |   874
      Shoals:3 |       0 |   13705 |   0.0 |       0 |      28 |   0.0 |  1116
      Shoals:4 |       0 |   49110 |   0.0 |       0 |      81 |   0.0 |  1818
       Snake:1 |       0 |   13629 |   0.0 |       0 |      34 |   0.0 |   706
       Snake:2 |       0 |   28734 |   0.0 |       0 |      49 |   0.0 |  1907
       Snake:3 |       0 |   31412 |   0.0 |       0 |      50 |   0.0 |  1405
       Snake:4 |       0 |   47886 |   0.0 |       0 |      92 |   0.0 |  1670
       Slime:1 |       0 |    6538 |   0.0 |       0 |       9 |   0.0 |   227
       Slime:2 |       0 |    8985 |   0.0 |       0 |      17 |   0.0 |   212
       Slime:3 |       0 |   13860 |   0.0 |       0 |      25 |   0.0 |   767
       Slime:4 |       0 |   21638 |   0.0 |       0 |      25 |   0.0 |   549
         Orc:1 |       0 |    2261 |   0.0 |       0 |      35 |   0.0 |   510
         Orc:2 |       0 |    9596 |   0.0 |       0 |      94 |   0.0 |   937
      Vaults:1 |       0 |   40246 |   0.0 |       0 |      65 |   0.0 |  1358
      Vaults:2 |       0 |  117286 |   0.0 |       0 |     167 |   0.0 |  2265
      Vaults:3 |       0 |   95562 |   0.0 |       0 |     128 |   0.0 |  2394
      Vaults:4 |       0 |  141481 |   0.0 |       0 |     155 |   0.0 |  3488
      Vaults:5 |     266 |   93486 |   0.3 |       1 |      79 |   1.2 |  1303
       Abyss:3 |    9684 |   10268 |  48.5 |      14 |      20 |  41.2 |   508
           Lab |       0 |    1601 |   0.0 |       0 |       3 |   0.0 |   443
       Ossuary |       0 |     248 |   0.0 |       0 |      27 |   0.0 |   210
               +---------+---------+-------+---------+---------+-------+---------
